 Dungeon Crawl Stone Soup version 0.29.0-4-gdea44cf6ec (webtiles) character file.

Game seed: 16762913895023994244

2 qw the Sneak (level 1, -5/14 HPs)
             Began as a Gargoyle Delver on Sept 10, 2022.
             Slain by a black bear (7 damage)
             ... on level 5 of the Dungeon.
             The game lasted 00:00:03 (149 turns).

qw the Sneak (Gargoyle Delver)                       Turns: 149, Time: 00:00:03

Health: -5/14      AC:  5    Str: 15    XL:     1   Next: 30%
Magic:  1/1        EV: 11    Int: 10    God:
Gold:   4          SH:  0    Dex: 11    Spells: 0/0 levels left

rFire   . . .      SeeInvis .   h - +0 war axe
rCold   . . .      Faith    .   (no shield)
rNeg    + . .      Spirit   .   b - +0 leather armour
rPois   inf        Reflect  .   (no helmet)
rElec   +          Harm     .   (no cloak)
rCorr   .          Rampage  .   (no gloves)
Will    .....                   (no boots)
Stlth   +++.......              (no amulet)
HPRegen 0.04/turn               (no ring)
MPRegen 0.07/turn               (no ring)

@: no status effects
A: sickness immunity, AC +2, negative energy resistance 1, electricity
resistance, torment resistance 1, petrification resistance
a: no special abilities


You were on level 5 of the Dungeon.
You visited 1 branch of the dungeon, and saw 1 of its levels.

You collected 4 gold pieces.


Innate Abilities, Weirdness & Mutations

You are immune to sickness and miasma.
Your stone body is resilient. (AC +2)
You are immune to poison.
You resist negative energy. (rN+)
You are resistant to electric shocks. (rElec)
You are resistant to unholy torment.
You are immune to petrification.


   Skills:
 - Level 3.2 Fighting
 + Level 2.0 Axes
 - Level 1.5 Dodging
 - Level 5.4 Stealth


You couldn't memorise any spells.
You didn't know any spells.
Your spell library was empty.

Inventory:

Hand Weapons
 a - a +0 hand axe
 h - a +0 war axe (weapon)
Armour
 b - a +0 leather armour (worn)
Wands
 g - a wand of digging (3)
Scrolls
 c - a scroll of fog
 d - a scroll of magic mapping
 e - a scroll of fear
Potions
 f - a potion of haste

Dungeon Overview and Level Annotations

Branches:
Dungeon (5/15)
 Temple: D:4-7

Altars:


Message History

You closely miss the orc.
The orc is heavily wounded.
The orc closely misses you.
You hit the orc.
You kill the orc!
Your Axes skill increases to level 2!
You start resting.
HP restored.
h - a +0 war axe You now have 4 gold pieces.
An orc comes into view. It is wielding a +0 trident.
The orc shouts!
Enter note:
141 ||| SWAPPING to +0 war axe.
h - a +0 war axe (weapon)
A black bear comes into view.
The black bear growls angrily.
143 ||| Stepping ~*~*~tactically~*~*~ (hiding).
The orc misses you. The orc hits you with a +0 trident.
You closely miss the orc. The orc closely misses you.
The orc hits you with a +0 trident. The black bear bites you.
The black bear barely misses you. x2
You barely miss the black bear. You closely miss the orc.
The black bear bites you.
The black bear claws you but does no damage.
The black bear completely misses you. The orc barely misses you.
You barely miss the black bear. You hit the orc.
The black bear barely misses you.
The black bear claws you but does no damage.
The black bear closely misses you. The orc barely misses you. x2
The black bear bites you but does no damage.
The black bear claws you but does no damage.
The black bear barely misses you.
You slash the orc!
You kill the orc!
You hit the black bear. The black bear bites you!
Ouch! That really hurt!
You die...

....# .....#+
#...# .
.......##...###..
.#......#...#....
........#........
........#........
........+.)......
........#@.......
#........h###.##
.#.####.........
..........#.##..
.#.####...#.#
....###...#.#
#........# ###.
#........#.......#
#........#.......#


You could see a black bear.

Vanquished Creatures
  2 orcs (D:5)
2 creatures vanquished.

Notes
Turn   | Place    | Note
-------+----------+-------------------------------------------
     0 | D:5      | qw the Gargoyle Delver began the quest for the Orb.
     0 | D:5      | Reached XP level 1. HP: 14/14 MP: 1/1
     0 | D:5      | 0 ||| qw: Version: 0.1-a-116-g5d60599
     0 | D:5      | 0 ||| qw: Game counter: 8043
     0 | D:5      | 0 ||| qw: Always use a shield: true
     0 | D:5      | 0 ||| qw: God list: Okawaru
     0 | D:5      | 0 ||| qw: Allow faded altars: false
     0 | D:5      | 0 ||| qw: Do Orc after D:15 true
     0 | D:5      | 0 ||| qw: Do second Lair branch before Depths: true
     0 | D:5      | 0 ||| qw: Lair rune preference: random
     0 | D:5      | 0 ||| qw: Plans: Normal
     0 | D:5      | 0 ||| PLANNING D:1-11
    14 | D:5      | 14 ||| Stepping ~*~*~tactically~*~*~ (stealth).
    17 | D:5      | 17 ||| Stepping ~*~*~tactically~*~*~ (stealth).
    18 | D:5      | 18 ||| Stepping ~*~*~tactically~*~*~ (stealth).
   141 | D:5      | 141 ||| SWAPPING to +0 war axe.
   142 | D:5      | Noticed a black bear
   143 | D:5      | 143 ||| Stepping ~*~*~tactically~*~*~ (hiding).
   146 | D:5      | HP: 2/14 [black bear (5)]
   149 | D:5      | Slain by a black bear

Levels and vault maps discovered:
D:5:      layout_basic, mainiacjoe_overflow_catwalk

Skill      XL: |  1 |
---------------+----+-----
Axes           | 2 |  2.0
Fighting       | |  3.2
Dodging        | |  1.5
Stealth        | |  5.4

Action                   || total
-------------------------++-------
Melee: Hand axe          ||     6
       War axe           ||     4
Armor: Leather armour    ||     4
Dodge: Dodged            ||    16

Table legend:
 A = Non-vault XP
 B = Vault XP
 C = Vault XP percentage of total XP
 D = Non-vault monster count
 E = Vault monster count
 F = Vault count percentage of total count
                 A         B        C        D         E       F
            +---------+---------+-------+---------+---------+-------
      Total |       6 |       0 |   0.0 |       2 |       0 |   0.0
            +---------+---------+-------+---------+---------+-------
        D:5 |       6 |       0 |   0.0 |       2 |       0 |   0.0
            +---------+---------+-------+---------+---------+-------
